 Dungeon Crawl Stone Soup version 0.18-a0-917-g8a3da5b (webtiles) character file.

28745 JokEr the Impaler (level 13, -5/80 HPs)
             Began as a Merfolk Fighter on Dec 26, 2015.
             Was a High Priest of Okawaru.
             Killed from afar by a hell hound (16 damage)
             ... with a blast of flame
             ... on level 2 of the Abyss on Dec 27, 2015.
             The game lasted 00:56:33 (16478 turns).

JokEr the Impaler (Merfolk Fighter)                Turns: 16478, Time: 00:56:34

Health: -5/80      AC: 19    Str: 18 (19) XL:     13   Next: 40%
Magic:  0/11       EV:  8    Int:  4 (5)  God:    Okawaru [*****.]
Gold:   986        SH: 10    Dex: 21      Spells: 0 memorised, 12 levels left

rFire  . . .     SeeInvis .     i - +9 trident (protect)
rCold  + . .     Gourm    .     M - +0 plate armour
rNeg   . . .     Faith    .     c - +0 shield
rPois  .         Spirit   +     p - +1 hat {Spirit}
rElec  .         Dismiss  .     (no cloak)
rCorr  .         Reflect  .     h - +2 pair of gloves
SustAt .         Harm     .     a - +0 pair of boots
MR     .....     Rnd*Rage +     m - amulet of regeneration
Stlth  .......... Rnd*Tele +    F - +3 ring of dexterity
                                t - ring of Qownugh {+Fly rC+ Dex+3 Stlth-}

@: agile, non-regenerating, badly diseased, not resistant to hostile
enchantments, extremely unstealthy
A: change form in water, swift swim, berserk 3, blurry vision 3, clumsy 2,
deformed body, deterioration 2, dopey 1, frail 3, low mp 1, screaming 2, slow
regeneration 1, teleportitis 1, weak 1, no device heal 1, subdued magic 3,
MP-powered wands
a: Heroism, Finesse, Renounce Religion, Evoke Flight


You were on level 2 of the Abyss.
You worshipped Okawaru.
Okawaru was extremely pleased with you.
You were not hungry.

You visited 3 branches of the dungeon, and saw 16 of its levels.
You visited the Abyss 1 time.
You also visited: Sewer and Ossuary.

You collected 986 gold pieces.

Inventory:

Hand Weapons
 i - a +9 trident of protection (weapon)
Armour
 a - a +0 pair of boots (worn)
 c - a +0 shield (worn)
 h - a +2 pair of gloves (worn)
 j - a +2 shield
 p - a +1 hat of spirit shield (worn)
 M - a +0 plate armour (worn)
Jewellery
 m - an amulet of regeneration (around neck)
 t - the ring of Qownugh (left hand) {+Fly rC+ Dex+3 Stlth-}
   (You found it on level 3 of the Lair of Beasts)

   [ring of flight]

   It affects your dexterity (+3).
   It protects you from cold.
   It lets you fly.
   It makes you less stealthy.
 v - an uncursed ring of invisibility
 w - an uncursed ring of teleportation
 F - a +3 ring of dexterity (right hand)
 Q - an uncursed ring of fire
 S - an uncursed amulet of the gourmand {unknown}
Wands
 b - a wand of lightning (6/15)
 d - a wand of random effects (16/48)
 D - a wand of fireball (12/15)
 K - a wand of lightning (7/15)
 L - a wand of flame (33/48)
 N - a wand of cold (4/15)
 O - a wand of magic darts (18/48)
Scrolls
 o - 6 scrolls of remove curse
 q - 3 scrolls of enchant armour
 y - a scroll of blinking
 z - 3 scrolls of fog
 B - 3 scrolls of magic mapping
 E - 4 scrolls of amnesia
 P - a scroll of recharging
Potions
 e - a potion of degeneration {unknown}
 k - 2 potions of brilliance
 s - a potion of ambrosia
 A - a potion of berserk rage
 C - 2 potions of magic {unknown}
 H - 2 potions of haste {unknown}
 I - a potion of lignification {unknown}
 J - 2 potions of cure mutation {unknown}
 T - a potion of poison {unknown}
Books
 G - the Incunabulum of Enchantment and Earth
   (You found it on level 9 of the Dungeon)

   Spells                             Type                      Level
   a - Corona                         Hexes                        1
   b - Dazzling Spray                 Conjuration/Hexes            3
   c - Inner Flame                    Hexes/Fire                   3
   d - Summon Guardian Golem          Hexes/Summoning              3
   e - Leda's Liquefaction            Hexes/Earth                  4
   f - Lee's Rapid Deconstruction     Earth                        5
 R - a Young Poisoner's Handbook

   Spells                             Type                      Level
   a - Sting                          Conjuration/Poison           1
   b - Cure Poison                    Poison                       2
   c - Mephitic Cloud                 Conjuration/Poison/Air       3
   d - Olgreb's Toxic Radiance        Poison                       4
   e - Venom Bolt                     Conjuration/Poison           5
Comestibles
 f - 8 bread rations
 g - 4 beef jerkies
 l - 6 meat rations
 r - 3 slices of pizza


   Skills:
 - Level 15.0 Fighting
 - Level 18.4 Polearms
 + Level 8.6 Armour
 - Level 3.0 Shields


You had 12 spell levels left.
You didn't know any spells.

Dungeon Overview and Level Annotations

Branches:
Dungeon (11/15)            Temple (1/1) D:4            Lair (4/8) D:9
  Snake (0/4) Lair:3          Orc (0/2) D:11
  Swamp: Lair:3-6    Shoals: Lair:3-6

Altars:
Ashenzari
Cheibriados
Dithmenos
Elyvilon
Fedhas
Gozag
Kikubaaqudgha
Makhleb
Nemelex Xobeh
Okawaru
Pakellas
Qazlal
Ru
Sif Muna
Trog
Vehumet
Xom
Yredelemnul
Zin
The Shining One

Annotations:
Lair:4 Sonja


Innate Abilities, Weirdness & Mutations

You revert to your normal form in water.
You are very nimble and swift while swimming.
[You have an uncontrollable temper.]
[Scrolls take you much longer to read.]
[You are very clumsy. (Dex -4)]
[Armour fits poorly on your strangely shaped body.]
[Your body often deteriorates upon taking damage.]
[You are dopey. (Int -2)]
[You are extremely frail (-30% HP).]
[Your magical capacity is low (-10% MP).]
[You sometimes yell uncontrollably at your foes.]
[You regenerate slowly when monsters are visible.]
[You are occasionally teleported next to monsters.]
[You are weak. (Str -2)]
[Potions and wands are less effective at restoring your health.]
[Your spells are much easier to cast, but much less powerful.]
[You expend magic power (3 MP) to strengthen your wands.]


Message History

You stumble backwards!
The thrashing horror roars! x2
The thrashing horror tramples you but does no damage.
The thrashing horror tramples you.
* * * LOW HITPOINT WARNING * * *
You stumble backwards!
You block the thrashing horror's attack.
The thrashing horror tramples you but does no damage.
The thrashing horror roars!
The thrashing horror tramples you!
* * * LOW HITPOINT WARNING * * *
Your body deteriorates!
You feel weakened.
You hold your ground!
The thrashing horror tramples you but does no damage.
The hell hound barely misses you.
The thrashing horror roars!
The thrashing horror tramples you but does no damage. x2
The hell hound breathes flames at you. The blast of flame hits you!
You die...

##.#.. ##*# ###.
.....####. ...
.###..#.##.###...
......#.......##
# #..#3.h>..# #..
#.5##.X...#..#
#...X.h..#..#
#.#####X...# . ##
#.@.#..#
#.#...### #.##.##
## ##


You could see 2 thrashing horrors, a large abomination, a raiju, a chaos spawn
and a hell hound.

Vanquished Creatures
  Gastronok (D:10)
  Erica (D:8)
  A catoblepas (Lair:3)
  5 death yaks (Lair:4)
  A hydra (D:10)
  Nergalle (D:11)
  A hill giant (D:11)
  An oklob plant (Lair:4)
  2 deep elf magi
  Pikel (D:4)
  An ugly thing (D:10)
  A cyclops (D:11)
  Joseph (D:9)
  A gargoyle (D:11)
  4 spiny frogs
  4 komodo dragons
  2 trolls (D:11)
  A polar bear (Lair:2)
  A shadow (D:11)
  26 yaks
  A human (D:10)
  A basilisk (Lair:3)
  2 hippogriffs
  3 wyverns
  2 hungry ghosts
  A wraith (Abyss:2)
  2 vampire mosquitoes (D:11)
  2 nagas (Lair:3)
  5 porcupines (Lair:1)
  5 water moccasins
  5 orc warriors
  2 sky beasts
  An ice beast (D:10)
  A swamp drake (Lair:4)
  3 black bears
  3 phantoms
  6 starcursed masses (Abyss:2)
  5 centaurs
  A wasp (D:7)
  6 crocodiles
  7 ogres
  7 big kobolds
  22 giant frogs
  3 elf zombies (Ossuary)
  3 gnoll sergeants (D:11)
  3 scorpions
  6 killer bees (D:7)
  An electric eel (Lair:2)
  5 crimson imps
  A giant frog zombie (D:8)
  11 wights
  A centaur zombie (D:5)
  An orc priest (D:5)
  10 iguanas
  3 jellies
  2 centaur skeletons
  3 giant frog skeletons
  5 hounds
  22 orc wizards
  5 worker ants
  Jessica (D:2)
  A gnoll shaman (D:10)
  A quasit (D:10)
  A killer bee zombie (D:9)
  6 sheep (Lair:2)
  4 big kobold zombies (Ossuary)
  2 hound skeletons
  2 mummies (Ossuary)
  14 adders
  10 gnolls
  6 river rats (Lair:4)
  2 shadow imps
  5 oozes
  2 adder zombies (D:5)
  2 worms
  7 giant geckos
  58 orcs
  6 giant cockroaches
  3 hobgoblins
  14 jackals
  4 quokkas
  5 ball pythons
  4 bats
  A giant cockroach zombie (D:3)
  A giant gecko skeleton (D:4)
  7 giant newts
  10 goblins
  A goblin zombie (Ossuary)
  4 hobgoblin zombies (Ossuary)
  5 jackal zombies
  16 kobolds
  5 kobold zombies (Ossuary)
  15 orc zombies (Ossuary)
  A quokka skeleton (D:7)
  A quokka zombie (D:7)
  7 rats
  3 plants (Sewer)
472 creatures vanquished.

Vanquished Creatures (others)
  Sigmund (D:4)
  A centaur (D:10)
  A giant gecko (D:5)
  A giant cockroach (D:4)
  A quokka (D:4)
  4 fungi
  3 plants
  6 starspawn tentacles (Abyss:2)
  154 starspawn tentacle segments (Abyss:2)
172 creatures vanquished.

Grand Total: 644 creatures vanquished

Notes
Turn   | Place    | Note
--------------------------------------------------------------
     0 | D:1      | JokEr the Merfolk Fighter began the quest for the Orb.
     0 | D:1      | Reached XP level 1. HP: 18/18 MP: 1/1
   153 | D:1      | Reached XP level 2. HP: 20/24 MP: 2/2
   485 | D:1      | Reached skill level 4 in Fighting
   615 | D:1      | Reached XP level 3. HP: 30/30 MP: 3/3
  1147 | D:2      | Noticed Jessica
  1161 | D:2      | Killed Jessica
  1161 | D:2      | Reached XP level 4. HP: 18/38 MP: 4/4
  1528 | D:2      | Reached skill level 5 in Polearms
  1837 | D:2      | Found a burning altar of Makhleb.
  2247 | D:3      | Reached XP level 5. HP: 43/43 MP: 5/5
  2255 | D:3      | Reached skill level 5 in Fighting
  2861 | D:4      | Noticed a slave
  2862 | D:4      | Noticed Pikel
  2863 | D:4      | Noticed a slave
  2866 | D:4      | Noticed a slave
  2866 | D:4      | Noticed a slave
  2914 | D:4      | Killed Pikel
  2914 | D:4      | Reached skill level 6 in Fighting
  2914 | D:4      | Reached skill level 8 in Polearms
  2914 | D:4      | Reached XP level 6. HP: 6/53 MP: 6/6
  2914 | D:4      | Reached XP level 7. HP: 6/59 MP: 7/7
  3049 | D:4      | Killed Sigmund
  3134 | D:4      | Found a sand-covered staircase.
  3179 | Ossuary  | Entered an ossuary
  3429 | Ossuary  | Reached skill level 9 in Polearms
  3462 | Ossuary  | Reached XP level 8. HP: 11/68 MP: 8/8
  3963 | D:4      | Found a staircase to the Ecumenical Temple.
  3972 | Temple   | Entered the Ecumenical Temple
  4403 | D:4      | Found a blossoming altar of Fedhas.
  4473 | D:5      | Entered Level 5 of the Dungeon
  4631 | D:5      | Found an oddly glowing altar of Pakellas.
  4702 | D:5      | Reached skill level 10 in Polearms
  4748 | D:5      | Found an iron altar of Okawaru.
  4778 | D:5      | Became a worshipper of Warmaster Okawaru
  5152 | D:5      | Found a glowing golden altar of the Shining One.
  5159 | D:5      | Found a basalt altar of Yredelemnul.
  5161 | D:5      | Noticed a profane servitor
  5238 | D:5      | Found a snail-covered altar of Cheibriados.
  5571 | D:5      | Noticed an angel
  5703 | D:6      | Reached skill level 11 in Polearms
  5782 | D:6      | Reached XP level 9. HP: 63/76 MP: 9/9
  6285 | D:6      | Found a glowing drain.
  6289 | Sewer    | Entered a sewer
  6993 | D:7      | Reached skill level 10 in Fighting
  7052 | D:7      | Reached * piety under Okawaru
  7052 | D:7      | Reached skill level 12 in Polearms
  7723 | D:8      | Reached skill level 13 in Polearms
  7782 | D:8      | Reached ** piety under Okawaru
  7856 | D:8      | Reached XP level 10. HP: 85/87 MP: 10/10
  8502 | D:8      | Reached skill level 14 in Polearms
  8513 | D:8      | Found an iron altar of Okawaru.
  8514 | D:8      | Found a bloodstained altar of Trog.
  8616 | D:8      | Noticed Erica
  8640 | D:8      | Killed Erica
  8640 | D:8      | Reached *** piety under Okawaru
  9123 | D:9      | Identified the Incunabulum of Enchantment and Earth
  9261 | D:9      | Found a staircase to the Lair.
  9619 | D:9      | Noticed Joseph
  9643 | D:9      | Killed Joseph
  9643 | D:9      | Reached **** piety under Okawaru
  9643 | D:9      | Reached skill level 15 in Polearms
 10104 | D:10     | Entered Level 10 of the Dungeon
 10120 | D:10     | Noticed Gastronok
 10142 | D:10     | Killed Gastronok
 10142 | D:10     | Reached skill level 16 in Polearms
 10142 | D:10     | Reached XP level 11. HP: 73/98 MP: 1/11
 10730 | D:10     | Noticed a seven-headed hydra
 10740 | D:10     | Killed a seven-headed hydra
 10825 | D:10     | Noticed a deep elf mage
 10837 | D:10     | Killed a deep elf mage
 10837 | D:10     | Reached ***** piety under Okawaru
 11267 | D:10     | Found a deep blue altar of Sif Muna.
 11319 | D:10     | Identified Sif Muna's Compendium of Moulding
 11476 | D:10     | Reached skill level 17 in Polearms
 11919 | D:11     | Noticed a hill giant
 11979 | D:11     | Killed a hill giant
 12151 | D:11     | Noticed a deep elf mage
 12310 | D:11     | Found a staircase to the Orcish Mines.
 12324 | D:11     | Reached XP level 12. HP: 88/108 MP: 1/12
 12665 | D:11     | Found a blossoming altar of Fedhas.
 12681 | D:11     | Reached skill level 18 in Polearms
 12753 | D:11     | Noticed Nergalle
 12761 | D:11     | Killed Nergalle
 13012 | D:11     | Received a gift from Okawaru
 13290 | Lair:1   | Entered Level 1 of the Lair of Beasts
 13297 | Lair:1   | Reached skill level 15 in Fighting
 14094 | Lair:2   | Received a gift from Okawaru
 14108 | Lair:2   | Got a crystal glaive {god gift}
 14223 | Lair:2   | Identified the +1 glaive "Getun" {flame, rPois Int+4} (Okawaru gifted it to you on level 2 of the Lair of Beasts)
 14535 | Lair:2   | Reached skill level 5 in Armour
 14938 | Lair:2   | Identified a scroll of acquirement
 14992 | Lair:3   | Received a gift from Okawaru
 15090 | Lair:3   | Noticed a catoblepas
 15131 | Lair:3   | Killed a catoblepas
 15131 | Lair:3   | Reached XP level 13. HP: 66/115 MP: 5/13
 15295 | Lair:3   | Found a staircase to the Snake Pit.
 15392 | Lair:3   | Got a vibrating silver ring
 15405 | Lair:3   | Identified the ring of Qownugh {+Fly rC+ Dex+3 Stlth-} (You found it on level 3 of the Lair of Beasts)
 16309 | Lair:4   | Noticed Sonja
 16323 | Lair:4   | Cast into level 2 of the Abyss (Sonja)
 16351 | Abyss:2  | Noticed a starcursed mass
 16406 | Abyss:2  | Noticed a tentacled starspawn
 16423 | Abyss:2  | Found a deep blue altar of Sif Muna.
 16478 | Abyss:2  | Killed from afar by a hell hound

Vault maps used:
D:1:      dpeg_arrival_round_a
D:2:      lightli_temple_of_fire, first_bread, kennysheep_decorative_pillar,
          kennysheep_generic_room_8, uniq_jessica
D:3:      minmay_distorted
D:4:      kennysheep_mini, temple_hall, nicolae_ossuary_entry_ruins,
          hangedman_abyss_or_decor_slice, minmay_misc_feat_room, uniq_sigmund,
          uniq_pikel
D:5:      grunt_temple_overflow_holy_war, cheibrodos_worm_habitat,
          kennysheep_mini_moat, serial_column_ruins, column_ruins_hut_ruined,
          column_ruins_open_small, column_ruins_grid_3, column_ruins_grid_1,
          column_ruins_open_tiny, okawaru_metal_pillars_3
D:6:      gup_sewer_entry_bowl
D:8:      kennysheep_blocky_room, grunt_temple_overflow_bloody_war, uniq_erica
D:9:      lair_0_dummy, uniq_joseph
D:10:     hangedman_stone_soup, led_sif_book, uniq_gastronok
D:11:     kennysheep_orc_monster_closet_entryway, fedhas_bush_and_centaur_altar,
          uniq_nergalle
Temple:   zaba_magenta_temple_12
Lair:1:   wad_woods_road_02, st_stairs_8
Lair:2:   beast_lair_carwin_8
Lair:3:   guppyfry_snake_entry_island, grunt_forest_stairs_basic,
          hibernation_bobbens
Lair:4:   basic_altar, guppyfry_lair_drakes, uniq_sonja
Abyss:2:  evilmike_abyss_exit_smiterflies
Sewer:    sewer_co_scattered_pipes
Ossuary:  ossuary_tomb_1

Action                   |  1- 3 |  4- 6 |  7- 9 | 10-12 | 13-15 || total
-------------------------+-------+-------+-------+-------+-------++-------
Melee: Trident           |   100 |   154 |   776 |  1074 |   156 ||  2260
Invok: Heroism           |       |       |     1 |     8 |     2 ||    11
Evoke: Wand              |       |       |       |     1 |       ||     1
  Use: Scroll            |     6 |     3 |    10 |     7 |     1 ||    27
       Potion            |       |     1 |     1 |    15 |    12 ||    29
 Stab: Invisible         |       |       |       |     4 |       ||     4
  Eat: Chunk             |     1 |     5 |    12 |    21 |       ||    39
       Bread ration      |       |       |     2 |       |       ||     2
       Fruit             |       |       |       |     2 |       ||     2
       Royal jelly       |       |       |       |     1 |     3 ||     4
